 Dungeon Sprint DCSS version 0.28-a0-409-g6a72785379 (console) character file.

Game seed: 17494161854669571164

1572 Morrissey the Warrior (level 8, -23/160 HPs)
             Began as an Ogre Berserker on Sept 6, 2021.
             Was an Elder of Trog.
             Annihilated by a boulder beetle (46 damage)
             ... in the Dungeon (Sprint IX: "|||||||||||||||||||||||||||||").
             The game lasted 00:01:59 (567 turns).

Morrissey the Warrior (Ogre Berserker)               Turns: 567, Time: 00:02:00

Health: -23/160    AC:  5    Str: 22    XL:     8   Next: 90%
Magic:  8/8        EV: 12    Int: 11    God:    Trog [****..]
Gold:   0          SH:  0    Dex: 10    Spells: 7/7 levels left

rFire   . . .      SeeInvis .   a - +2 halberd (venom)
rCold   . . .      Faith    .   (shield currently unavailable)
rNeg    . . .      Spirit   .   b - +0 animal skin
rPois   .          Reflect  .   (helmet restricted)
rElec   .          Harm     .   (no cloak)
rCorr   .          Rampage  .   (gloves unavailable)
Will    .....      NoTele   +   (boots unavailable)
Stlth   ..........              (no amulet)
HPRegen 0.36/turn               l - +3 ring of intelligence
MPRegen 0.11/turn               m - +2 ring of protection

@: berserking (expiring), very quick
A: large, unfitting armour, tough skin 1
a: Renounce Religion, Berserk, Trog's Hand, Brothers in Arms


You were in the Dungeon.
You worshipped Trog.
Trog was greatly pleased with you.
You visited 1 branch

Inventory:

Hand Weapons
 a - a +2 halberd of venom (weapon)
Armour
 b - a +0 animal skin (worn)
Jewellery
 l - a +3 ring of intelligence (left hand)
 m - a +2 ring of protection (right hand)
Wands
 j - a wand of iceblast (10)
Scrolls
 h - 2 scrolls of blinking
Potions
 c - 5 potions of curing
 d - 2 potions of heal wounds
 e - a potion of haste
 f - 4 potions of magic
 g - a potion of berserk rage
 i - a potion of invisibility


   Skills:
 * Level 15.2 Fighting
 * Level 12.1 Polearms
 * Level 9.1 Dodging


You had 7 spell levels left.
You didn't know any spells.
Your spell library was empty.

Dungeon Overview and Level Annotations

Branches:
Dungeon (1/1)

Altars:
Cheibriados
Dithmenos
Elyvilon
Fedhas
Gozag
Hepliaklqana
Kikubaaqudgha
Makhleb
Nemelex Xobeh
Okawaru
Qazlal
Ru
Sif Muna
Trog
Uskayaw
Vehumet
Wu Jian
Xom
Yredelemnul
Zin
The Shining One
Beogh
Jiyva
Lugonu


Innate Abilities, Weirdness & Mutations

You are too large for most types of armour.
You have tough skin. (AC +1)


Message History

You reach to attack!
You hit the wraith.
The wraith is lightly damaged.
Reach: a) +2 halberd (venom)
Press: ? - help, Dir - move target, f/p - wraith
Aim: a wraith (lightly damaged, about 34% to evade your +2 halberd of venom)
You hit the wraith.
The wraith is moderately damaged.
Reach: a) +2 halberd (venom)
Press: ? - help, Dir - move target, f/p - wraith
Aim: a wraith (moderately damaged, about 34% to evade your +2 halberd of venom)
You slash the wraith!
The wraith is severely damaged.
The wraith hits you.
* * * LOW HITPOINT WARNING * * *
Reach: a) +2 halberd (venom)
Press: ? - help, Dir - move target, f/p - wraith
Aim: a wraith (severely damaged, about 34% to evade your +2 halberd of venom)
You puncture the wraith!
You destroy the wraith!
Trog accepts your kill.
The gnoll sergeant hits you from afar with a +0 trident!
* * * LOW HITPOINT WARNING * * *
Your Fighting skill increases to level 15!
Your Polearms skill increases to level 12!
Your Dodging skill increases to level 9!
Unknown command.
Reach: a) +2 halberd (venom)
Press: ? - help, Dir - move target, f - boulder beetle
Aim: a boulder beetle (rolling, about 9% to evade your +2 halberd of venom)
You reach to attack!
You hit the boulder beetle.
The boulder beetle is lightly wounded.
The gnoll sergeant hits you from afar with a +0 trident.
* * * LOW HITPOINT WARNING * * *
Reach: a) +2 halberd (venom)
Press: ? - help, Dir - move target, f/p - boulder beetle
Aim: a boulder beetle (lightly wounded, rolling, about 9% to evade your +2 halberd of venom)
You puncture the boulder beetle!
The boulder beetle is lightly wounded.
The boulder beetle hits you!!!
You die... ▓▓▓▓▓▓▓▓▓▓▓▓▓▓▓▓▓▓▓▓▓▓▓▓ '.?).[[[.)'.°°°B@'g{{... ▓▓▓▓▓▓▓▓▓▓▓▓▓▓▓▓▓▓▓▓▓▓▓▓

You could see a boulder beetle (rolling) and a gnoll sergeant.

Vanquished Creatures
  A boulder beetle (D)
  A shadow (D)
  A wraith (D)
  A yak (D)
  An orc warrior (D)
  A black bear (D)
  A howler monkey (D)
  An ufetubus (D)
  An adder skeleton (D)
  2 orcs (D)
  An endoplasm (D)
  A quokka (D)
  2 ball pythons (D)
  A bat (D)
  A giant cockroach zombie (D)
17 creatures vanquished.

Vanquished Creatures (collateral kills)
  A troll (D)
1 creature vanquished.

Grand Total: 18 creatures vanquished

Notes
Turn   | Place    | Note
-------+----------+-------------------------------------------
     0 | D        | Morrissey the Ogre Berserker began the quest for the Orb.
     0 | D        | Reached XP level 1. HP: 24/24 MP: 1/1
    11 | D        | Reached ** piety under Trog
   108 | D        | Noticed a black bear
   119 | D        | Reached skill level 5 in Fighting
   119 | D        | Reached XP level 2. HP: 32/35 MP: 2/2
   122 | D        | Reached *** piety under Trog
   128 | D        | Killed a black bear
   129 | D        | Reached skill level 8 in Fighting
   129 | D        | Reached XP level 3. HP: 49/49 MP: 3/3
   129 | D        | Reached XP level 4. HP: 58/58 MP: 4/4
   160 | D        | Found a snail-covered altar of Cheibriados.
   160 | D        | Found a shadowy altar of Dithmenos.
   160 | D        | Found a white marble altar of Elyvilon.
   160 | D        | Found a blossoming altar of Fedhas.
   160 | D        | Found an opulent altar of Gozag.
   161 | D        | Found a hazy altar of Hepliaklqana.
   162 | D        | Found a viscous altar of Jiyva.
   163 | D        | Found an ancient bone altar of Kikubaaqudgha.
   164 | D        | Found a corrupted altar of Lugonu.
   165 | D        | Found a burning altar of Makhleb.
   166 | D        | Found a sparkling altar of Nemelex Xobeh.
   167 | D        | Found an iron altar of Okawaru.
   168 | D        | Found a stormy altar of Qazlal.
   169 | D        | Found a sacrificial altar of Ru.
   170 | D        | Found a shimmering blue altar of Sif Muna.
   171 | D        | Found a bloodstained altar of Trog.
   172 | D        | Found a hide-covered altar of Uskayaw.
   173 | D        | Found a radiant altar of Vehumet.
   174 | D        | Found an ornate altar of the Wu Jian Council.
   175 | D        | Found a shimmering altar of Xom.
   176 | D        | Found a basalt altar of Yredelemnul.
   177 | D        | Found a glowing silver altar of Zin.
   178 | D        | Found a glowing golden altar of the Shining One.
   211 | D        | Noticed a shadow
   211 | D        | Noticed an orc warrior
   211 | D        | Noticed a yak
   211 | D        | Noticed a troll
   215 | D        | Reached **** piety under Trog
   216 | D        | Reached skill level 9 in Fighting
   216 | D        | Reached XP level 5. HP: 67/67 MP: 5/5
   221 | D        | Killed a shadow
   222 | D        | Reached skill level 11 in Fighting
   222 | D        | Reached skill level 5 in Dodging
   222 | D        | Reached XP level 6. HP: 80/80 MP: 6/6
   227 | D        | Killed an orc warrior
   228 | D        | Reached skill level 12 in Fighting
   235 | D        | Killed a yak
   236 | D        | Reached skill level 10 in Polearms
   236 | D        | Reached XP level 7. HP: 36/92 MP: 7/7
   239 | D        | Killed a troll
   240 | D        | Reached skill level 13 in Fighting
   553 | D        | Noticed a boulder beetle
   553 | D        | Noticed a wraith
   553 | D        | Noticed a boulder beetle
   553 | D        | Noticed a shadow
   560 | D        | Killed a boulder beetle
   561 | D        | Reached skill level 14 in Fighting
   561 | D        | Reached XP level 8. HP: 42/106 MP: 8/8
   565 | D        | Killed a wraith
   566 | D        | Reached skill level 15 in Fighting
   567 | D        | Annihilated by a boulder beetle

Illustrated notes

Levels and vault maps discovered:
D:        linesprint [early_d, line_temple, items_1, d_10, items_2, lair_1,
          lair_end, items_3, orc_1, orc_end, items_4, d_15, swamp_1, shoals_1,
          snake_1, spider_1, d_20, vaults_1, items_5, swamp_end, shoals_end,
          snake_end, spider_end, vaults_end, d_27, items_6, zot_1, zot_end,
          crypt_end, forest_end, elf_end, slime_end, tomb_end, abyss_end,
          pan_hell_end]

Skill      XL: |  1  2  3  4  5  6  7  8 |
---------------+-------------------------+-----
Dodging        | 3 4 5 6 8 9 |  9.1
Fighting       | 5 8 9 11 12 14 15 | 15.2
Polearms       | 6 7 8 10 11 12 | 12.1

Action                   |  1- 3 |  4- 6 |  7- 9 || total
-------------------------+-------+-------+-------++-------
Melee: Spear             |    29 |     2 |       ||    31
       Dire flail        |       |    20 |       ||    20
       Halberd           |       |       |    13 ||    13
Invok: Berserk           |     1 |     1 |     1 ||     3
       Brothers in Arms  |       |       |     1 ||     1
  Use: Potion            |       |       |     1 ||     1
Armor: Animal skin       |     5 |     3 |     1 ||     9
Dodge: Dodged            |    11 |    14 |     8 ||    33

Table legend: (Time is in decaauts)
 A = Elapsed time spent in this place.
 B = Non-inter-level travel time spent in this place.
 C = Inter-level travel time spent in this place.
 D = Time resting spent in this place.
 E = Time spent auto-exploring this place.
 F = Levels seen in this place.
 G = Mean time per level.
                   A        B        C        D        E       F      G
               +--------+--------+--------+--------+--------+-----+--------+
         Total |    582 |    582 |      0 |    412 |      0 |   1 |  582.0 |
       Dungeon |    582 |    582 |      0 |    412 |      0 |   1 |  582.0 |
               +--------+--------+--------+--------+--------+-----+--------+

Top non-repeatable levels by time:
       D: 582 daAuts
